 Dungeon Crawl Stone Soup version 0.28.0 (webtiles) character file.

Game seed: 10062253543902934151

3831 Anon1729 the Martial Artist (level 10, -10/63 HPs)
             Began as an Octopode Transmuter on Feb 15, 2022.
             Was a Follower of Fedhas.
             Mangled by a polar bear (16 damage)
             ... on level 8 of the Dungeon.
             The game lasted 00:14:20 (10753 turns).

Anon1729 the Martial Artist (Octopode Transmuter)  Turns: 10753, Time: 00:14:21

Health: -10/63     AC:  1    Str: 10    XL:     10   Next: 18%
Magic:  13/13      EV: 14    Int: 19    God:    Fedhas [*.....]
Gold:   272        SH:  0    Dex: 13    Spells: 7/13 levels left

rFire   x . .      SeeInvis .     - Unarmed
rCold   + . .      Faith    +   (no shield)
rNeg    . . .      Spirit   .   (helmet currently unavailable)
rPois   .          Reflect  .   q - amulet of faith
rElec   .          Harm     .   i - ring of ice
rCorr   .          Rampage  .   h - ring of willpower
Will    +....                   (no ring)
Stlth   ++++......              (no ring)
HPRegen 0.20/turn               (no ring)
MPRegen 0.13/turn               (no ring)
                                (no ring)
                                (no ring)

@: appendages
A: tentacle spike 3, almost no armour, amphibious, 8 rings, camouflage 1,
gelatinous body 1, (nimble swimmer 1), tentacles
a: End Transformation, Renounce Religion


You were on level 8 of the Dungeon.
You worshipped Fedhas.
Fedhas was aware of your devotion.
One of your tentacles had grown a beastly spike.
You visited 2 branches of the dungeon, and saw 9 of its levels.
You also visited: Ossuary.

You collected 272 gold pieces.

Inventory:

Missiles
 f - a throwing net
Jewellery
 e - a ring of flight
 h - a ring of willpower (right tentacle)
 i - a ring of ice (left tentacle)
 q - an amulet of faith (around mantle)
Wands
 c - a wand of iceblast (21)
 w - a wand of flame (18)
 x - a wand of mindburst (8)
Scrolls
 g - 5 scrolls of teleportation
 k - 3 scrolls of enchant weapon
 l - 2 scrolls of fear
 m - 4 scrolls of blinking
 n - 2 scrolls of fog
 r - a scroll of torment {unknown}
 t - a scroll of amnesia {unknown}
 u - 2 scrolls of identify
 v - a scroll of noise {unknown}
Potions
 a - a potion of magic {unknown}
 b - 2 potions of heal wounds
 d - 2 potions of haste
 j - 5 potions of curing
 o - 2 potions of might
 p - a potion of brilliance {unknown}
 s - a potion of flight {unknown}


   Skills:
 + Level 3.5 Fighting
 + Level 3.9 Dodging
 + Level 4.5 Stealth
 + Level 8.9 Unarmed Combat
 - Level 2.2 Spellcasting
 + Level 6.9 Transmutations
 + Level 7.7 Poison Magic
 + Level 3.4 Invocations


You had 7 spell levels left.
You knew the following spells:

 Your Spells              Type           Power      Damage    Failure   Level
a - Beastly Appendage     Tmut           56%        N/A       1%          1
b - Wereblood             Tmut           28%        N/A       1%          2
c - Spider Form           Tmut/Pois      30%        N/A       2%          3

Your spell library contained the following spells:

 Spells                   Type           Power      Damage    Failure   Level
 Passwall                 Tmut/Erth      12%        N/A       6%          2
 Sandblast                Erth           4%         2d4       17%         1
 Sublimation of Blood     Necr           2%         N/A       26%         2
 Ice Form                 Ice/Tmut       23%        N/A       36%         4
 Dazzling Flash           Conj/Hex       4%         N/A       45%         3
 Inner Flame              Hex/Fire       2%         N/A       45%         3
 Stone Arrow              Conj/Erth      4%         3d7       45%         3
 Cause Fear               Hex            1%         N/A       86%         4
 Agony                    Necr           2%         N/A       99%         5
 Fireball                 Conj/Fire      1%         3d3       99%         5
 Silence                  Hex/Air        1%         N/A       99%         5
 Starburst                Conj/Fire      1%         6d3       100%        6
 Summon Hydra             Summ           1%         N/A       100%        7
 Discord                  Hex            1%         N/A       100%        8
 Ignition                 Fire           1%         3d3       100%        8


Dungeon Overview and Level Annotations

Branches:
Dungeon (8/15)             Temple (1/1) D:6         Ossuary (visited)
   Lair: D:8-11

Altars:
Cheibriados
Dithmenos
Elyvilon
Fedhas
Gozag
Hepliaklqana
Kikubaaqudgha
Makhleb
Nemelex Xobeh
Okawaru
Qazlal
Ru
Sif Muna
Trog
Uskayaw
Vehumet
Wu Jian
Xom
Zin
The Shining One

Shops:
D:5 [[

Annotations:
D:2 exclusion: phantom
D:3 1 runed translucent door, IvanJoukov's ghost, novice TrMo


Innate Abilities, Weirdness & Mutations

One of your tentacles has grown a beastly spike.
You cannot wear most types of armour.
You are amphibious.
You can wear up to eight rings at the same time.
Your skin changes colour to match your surroundings (Stealth+).
Your rubbery body absorbs attacks. (AC +1, EV +1)
((You are camouflaged when in or above water. (Stealth+)))
You have tentacles for arms and can constrict up to eight enemies at once.


Message History

You bludgeon the polar bear!
You pierce the polar bear, but do no damage.
The polar bear is lightly wounded.
The polar bear barely misses you. The polar bear claws you. x2
You tentacle-slap the polar bear but do no damage.
Your tentacle spike misses the polar bear.
You tentacle-slap the polar bear, but do no damage.
You squeeze the polar bear!
The polar bear is heavily wounded.
The polar bear closely misses you. The polar bear claws you. x2
You closely miss the polar bear.
You pierce the polar bear.
The polar bear is heavily wounded.
The polar bear closely misses you. The polar bear claws you.
The polar bear barely misses you.
You tentacle-slap the polar bear. Your squeeze misses the polar bear.
The polar bear is severely wounded.
You tentacle-slap the polar bear.
You pierce the polar bear, but do no damage.
The polar bear is severely wounded.
The polar bear misses you.
The polar bear claws you but does no damage. x2
You barely miss the polar bear.
You pierce the polar bear.
The polar bear is severely wounded.
The polar bear goes berserk!
You tentacle-slap the polar bear.
Your tentacle spike misses the polar bear.
You squeeze the polar bear, but do no damage.
The polar bear is severely wounded.
The polar bear bites you!! The polar bear closely misses you.
The polar bear claws you.
* * * LOW HITPOINT WARNING * * *
Aiming: Mindburst
Press: ? - help, Shift-Dir - straight line, f - polar bear
Aim: a polar bear (thin mist, severely wounded, berserk, chance to affect: 64%)
The polar bear struggles to resist.
The polar bear barely misses you. The polar bear claws you!
* * * LOW HITPOINT WARNING * * *
The polar bear misses you. The polar bear bites you!
You die...
Fedhas appreciates your contribution to the ecosystem.

#.#####...... #.#
##### #.# #.
####.#### #.
#≈≈≈..≈≈# #.
#≈≈†§.≈≈# # #.
###≈.§§§..### #.#.
#....§§§....#
#.#.###.#.§§@h$≈#.#
#.......#≈§.§.≈≈#
###..####≈≈≈.≈≈≈#
#.[...####.####
#..#### #.# #..#
..# #..# .## #..# #
#..#####


You could see a polar bear (berserk).

Vanquished Creatures
  2 two-headed ogres
  A yak (D:8)
  2 steam dragons (D:6)
  3 water moccasins
  An orc warrior (D:7)
  A black bear (D:4)
  An ice beast (D:5)
  A sky beast (D:5)
  An ogre (D:5)
  A wolf (D:8)
  Blork the orc (D:5)
  A bullfrog (D:8)
  2 scorpions (D:5)
  A gnoll sergeant (D:7)
  4 centaur zombies (Ossuary)
  A bullfrog zombie (D:5)
  3 hounds
  An orc priest (D:7)
  2 jellies (D:5)
  A bullfrog skeleton (D:5)
  2 orc wizards
  A killer bee zombie (D:8)
  A hound skeleton (D:4)
  6 mummies (Ossuary)
  A howler monkey zombie (D:6)
  A killer bee simulacrum (D:8)
  13 adders
  A howler monkey skeleton (D:6)
  11 gnolls
  5 white imps
  A dart slug (D:1)
  13 orcs
  A ball python (D:2)
  6 bats
  9 endoplasms
  4 giant cockroaches
  3 goblins
  10 hobgoblins
  4 jackals (D:2)
  8 kobolds
  3 quokkas
  3 frilled lizards
  2 hobgoblin zombies (Ossuary)
  6 rats
146 creatures vanquished.

Vanquished Creatures (collateral kills)
  Grinder (D:5)
1 creature vanquished.

Grand Total: 147 creatures vanquished

Notes
Turn   | Place    | Note
-------+----------+-------------------------------------------
     0 | D:1      | Anon1729 the Octopode Transmuter began the quest for the
                  | Orb.
     0 | D:1      | Reached XP level 1. HP: 13/13 MP: 3/3
   192 | D:1      | Reached XP level 2. HP: 18/18 MP: 3/5
   731 | D:1      | Found a faded altar of an unknown god.
  1054 | D:2      | Reached XP level 3. HP: 9/23 MP: 6/6
  1912 | D:2      | Reached skill level 4 in Unarmed Combat
  1995 | D:2      | Reached XP level 4. HP: 28/28 MP: 5/7
  2519 | D:2      | Noticed a phantom
  2655 | D:2      | Reached XP level 5. HP: 22/33 MP: 8/8
  2783 | D:2      | Reached skill level 5 in Unarmed Combat
  3320 | D:3      | Found a runed translucent door.
  3320 | D:3      | Noticed IvanJoukov's ghost (novice TrMo)
  3326 | D:3      | Learned a level 2 spell: Wereblood
  3330 | D:3      | Learned a level 3 spell: Spider Form
  4081 | D:3      | Reached skill level 6 in Unarmed Combat
  4081 | D:3      | Reached XP level 6. HP: 23/38 MP: 9/9
  4280 | D:4      | Noticed a black bear
  4526 | D:4      | Killed a black bear
  4527 | D:4      | Reached skill level 1 in Poison Magic
  5368 | D:5      | Entered Level 5 of the Dungeon
  5387 | D:5      | Noticed a sky beast
  5398 | D:5      | Killed a sky beast
  5399 | D:5      | Reached XP level 7. HP: 16/43 MP: 7/10
  5794 | D:5      | Found a sand-covered staircase.
  5799 | Ossuary  | Entered an ossuary
  5834 | Ossuary  | Reached skill level 7 in Unarmed Combat
  5858 | Ossuary  | Reached XP level 8. HP: 38/48 MP: 8/11
  6107 | D:5      | Found Kuav's Armour Emporium.
  6422 | D:5      | Noticed Blork the orc
  6434 | D:5      | Killed Blork the orc
  6719 | D:5      | Noticed Grinder
  6720 | D:5      | Paralysed by Grinder for 7 turns
  6737 | D:5      | Paralysed by Grinder for 3 turns
  6740 | D:5      | Killed Grinder
  6741 | D:5      | Reached skill level 5 in Transmutations
  6741 | D:5      | Reached skill level 5 in Poison Magic
  7541 | D:5      | Found Moocut's Antique Armour Shoppe.
  7597 | D:5      | Reached skill level 8 in Unarmed Combat
  8043 | D:6      | Reached XP level 9. HP: 49/53 MP: 8/12
  8147 | D:6      | Found an opulent altar of Gozag.
  8414 | D:6      | Noticed a two-headed ogre
  8441 | D:6      | Killed a two-headed ogre
  8442 | D:6      | Reached skill level 1 in Invocations
  9171 | D:6      | Found a staircase to the Ecumenical Temple.
  9191 | Temple   | Entered the Ecumenical Temple
  9333 | Temple   | Became a worshipper of Fedhas Madash
  9400 | D:7      | Found a radiant altar of Vehumet.
  9563 | D:7      | Noticed a two-headed ogre
  9574 | D:7      | Killed a two-headed ogre
  9692 | D:7      | Reached XP level 10. HP: 28/63 MP: 10/13
 10070 | D:7      | Reached * piety under Fedhas
 10753 | D:8      | Mangled by a polar bear

Illustrated notes

Levels and vault maps discovered:
D:1:      shiori_arrival_oz, layout_loops_corners,
          chequers_ecumenical_altar_lobes, skrybe_limestone_x,
          chequers_serial_rivers_small_3
D:2:      layout_loops_ring, grunt_ministairs_4
D:3:      layout_basic, hellmonk_ghost_happy_afterlife, minmay_three_crescents
D:4:      layout_rooms
D:5:      layout_loops_corners, serial_shops, kennysheep_little_box,
          enter_ossuary_2, chequers_serial_rivers_room_b, nicolae_stop_n_shop_2,
          chequers_serial_rivers_room_a, uniq_blork_the_orc, uniq_grinder
D:6:      layout_basic, lemuel_crystal_altar, lemuel_temple_firewalk_a
D:7:      layout_rooms, vehumet_altar_wand_db
D:8:      layout_loops_ring, serial_ice, serial_ice_j, serial_ice_f,
          serial_ice_h, serial_ice_m, serial_ice_d, serial_ice_b
Temple:   mainiacjoe_temple_coin_purse

Skill      XL: |  1  2  3  4  5  6  7  8  9 10 |
---------------+-------------------------------+-----
Unarmed Combat | 4 6 7 8 |  8.9
Poison Magic   | 2 4 6 7 |  7.7
Transmutations | 3 4 6 |  6.9
Fighting       | 3 |  3.5
Stealth        | 3 4 |  4.5
Invocations    | 3 |  3.4
Dodging        | 3 |  3.9
Spellcasting   | |  2.2

Action                   |  1- 3 |  4- 6 |  7- 9 | 10-12 || total
-------------------------+-------+-------+-------+-------++-------
Melee: Unarmed           |    51 |   127 |   157 |    59 ||   394
       Constrict         |    15 |    30 |    17 |     5 ||    67
       Kick              |    16 |    32 |    28 |    13 ||    89
       Tentacles         |     9 |    16 |    25 |     8 ||    58
       Punch             |     1 |     3 |     8 |     5 ||    17
 Cast: Beastly Appendage |    19 |    35 |    15 |     4 ||    73
       Spider Form       |       |     4 |    14 |     2 ||    20
       Wereblood         |       |       |     2 |     1 ||     3
Evoke: Wand              |       |       |     4 |     2 ||     6
  Use: Potion            |       |       |     4 |       ||     4
       Scroll            |       |       |     9 |       ||     9
 Stab: Sleeping          |     4 |     7 |     4 |       ||    15
Armor: Skin              |     3 |     6 |    10 |     3 ||    22
Dodge: Dodged            |    25 |    92 |   123 |    46 ||   286
